cohdb
Replays
Latest Replays
All Replays
Popular Replays
Top Player Replays
Match Explorer
How It Works
Community
CoH3 Stats
Reddit
Sign in to upload your games and track your stats! →
Sign in with Steam
Match 42771745
Unlisted
Match 42771745
Overview
Messages
Build Orders
End
Construct Section Command Post
Dingo Light Scout Car
Infantry Section
Selects Canadian Shock Battlegroup
Selects Attacking Spirit
Selects Canadian Shock Section
Canadian Shock Section
Construct Platoon Command Post
Canadian Shock Section
Construct Platoon Command Post
Construct Field Infirmary
Light Vehicle Training
Humber Armored Car
Humber Armored Car
Humber Armored Car
Humber Armored Car
Humber Armored Car
Humber Armored Car
Selects Point Assault
Humber Armored Car
Point Assault
Selects Incendiary Munitions
Selects Pyrotechnics
kerem
ShadowStorm
大英警察进小学
王二崔一
CPU_Eazy
Pleiades
천공
NA
0
0
Comments
sign in to comment!
No comments posted yet!